 Dungeon Crawl Stone Soup version 0.13-a0-1804-g486adc7 (webtiles) character file.

811 Juliette the Chopper (level 7, -3/59 HPs)
             Began as a Minotaur Fighter on June 24, 2013.
             Slain by a gnoll
             ... wielding a +0,+0 halberd
              (8 damage)
             ... on Level 6 of the Dungeon on June 25, 2013.
             The game lasted 00:18:14 (3115 turns).

Juliette the Chopper (Minotaur Fighter)             Turns: 3115, Time: 00:18:14

HP  -3/59        AC  6     Str 23      XL: 7   Next: 29%
MP   2/2         EV  9     Int  5      God:
Gold 154         SH  0     Dex  9      Spells:  0 memorised,  6 levels left

Res.Fire  : . . .   See Invis. : .   a - +0 hand axe {=f}
Res.Cold  : . . .   Warding    : .   b - +0 scale mail
Life Prot.: . . .   Conserve   : .   (no shield)
Res.Poison: +       Res.Corr.  : .   (helmet restricted)
Res.Elec. : .       Clarity    : .   (no cloak)
Sust.Abil.: . .     Spirit.Shd : .   (no gloves)
Res.Mut.  : .       Stasis     : .   (no boots)
Res.Rott. : .       Flight     : .   y - amulet of faith {unknown}
Saprovore : . . .                    B - ring of poison resistance {unknown}
                                     k - ring of protection from magic {unknown}

@: quite resistant to hostile enchantments, extremely unstealthy
A: retaliatory headbutt, horns 2
a: no special abilities


You were on level 6 of the Dungeon.
You were very hungry.

You visited 1 branch of the dungeon, and saw 6 of its levels.

You collected 134 gold pieces.

Inventory:

Hand weapons
 a - a +0,+0 hand axe (weapon) {=f}
 j - a cursed +0,-2 sling
 u - a +2,+0 sling
 D - a +0,+0 sling
 G - a +0,+1 orcish hand axe
 J - a +0,+1 orcish hand axe
 K - a +0,+1 orcish hand axe
 L - a +0,+1 orcish hand axe
 N - a +1,+2 whip of electrocution
Missiles
 v - 28 stones (quivered)
 z - 38 sling bullets
Armour
 b - a +0 scale mail (worn)
 c - a +0 shield
 x - a +0 large shield
Comestibles
 d - 4 bread rations
 p - a meat ration
Scrolls
 h - a scroll of magic mapping {unknown}
 l - 4 scrolls of identify {unknown}
 o - 2 scrolls of enchant armour {unknown}
 q - a scroll of fog {unknown}
 s - 3 scrolls of curse jewellery {unknown}
 w - a scroll of noise {unknown}
 A - a scroll of blinking {unknown}
 E - a scroll of fear {unknown}
 F - a scroll of teleportation {unknown}
 I - a scroll of recharging {unknown}
 M - a scroll of remove curse {unknown}
Jewellery
 k - a ring of protection from magic (left hand) {unknown}
 y - an amulet of faith (around neck) {unknown}
 B - a ring of poison resistance (right hand) {unknown}
Potions
 e - 2 potions of might {unknown}
 g - a potion of invisibility {unknown}
 i - 2 potions of brilliance
 n - a potion of restore abilities {unknown}
 r - a potion of curing {unknown}
 H - a potion of speed {unknown}
Books
 C - a book of the Tempests

   Spells                             Type                      Level
   Static Discharge                   Conjuration/Air              3
   Lightning Bolt                     Conjuration/Air              5
   Fireball                           Conjuration/Fire             5
   Tornado                            Air                          9
   Shatter                            Earth                        9


   Skills:
 - Level 4.1 Fighting
 * Level 6.0 Axes
 - Level 3.6 Armour
   Level 3.6 Shields
 - Level 6.0 Traps


You had 6 spell levels left.
You didn't know any spells.

Dungeon Overview and Level Annotations

Branches:
Dungeon (6/27)
 Temple: D:4-7          Orc: D:6-11

Altars:
Cheibriados
Elyvilon
Fedhas
the Shining One

Annotations
D:4 Grinder


Innate Abilities, Weirdness & Mutations

You reflexively headbutt those who attack you in melee.
You have a pair of horns on your head.


Message History

The hound bites you but does no damage. The gnoll closely misses you.
You furiously retaliate!
You headbutt the gnoll, but do no damage.
The gnoll hits you with a flail.
* * * LOW HITPOINT WARNING * * *
The hound bites you.
* * * LOW HITPOINT WARNING * * *
The gnoll barely misses you.
Your scale mail prevents you from hitting the gnoll.
The gnoll is severely wounded.
You hit the gnoll.
The gnoll is lightly wounded.
The hound bites you.
* * * LOW HITPOINT WARNING * * *
The gnoll hits you with a spear.
* * * LOW HITPOINT WARNING * * *
The gnoll completely misses you. You furiously retaliate!
You headbutt the gnoll.
The gnoll hits you from afar with a halberd!
You die...

. . #. .# #.
.# #. .###
.. ... #. r.
#. g#
##g#%###..#.
#.g@h.......
####.##...##
... . .##..
## ##


You could see a hound, 3 gnolls and a rat.

Vanquished Creatures
  Pikel (D:3)
  2 slaves (D:3)
  A worker ant (D:6)
  An orc wizard (D:4)
  4 gnolls (D:4)
  3 adders
  A bat skeleton (D:4)
  A giant eyeball (D:4)
  2 giant geckos
  2 oozes (D:1)
  2 orcs (D:3)
  11 hobgoblins
  5 jackals (D:3)
  9 kobolds
  9 bats
  5 giant cockroaches
  5 giant newts
  12 goblins
  A jackal skeleton (D:3)
  A quokka (D:2)
  10 rats
88 creatures vanquished.

Vanquished Creatures (others)
  A giant mite (D:4)
  A giant cockroach (D:5)
  A giant newt (D:3)
  A kobold (D:4)
4 creatures vanquished.

Grand Total: 92 creatures vanquished

Notes
Turn   | Place    | Note
--------------------------------------------------------------
     0 | D:1      | Juliette, the Minotaur Fighter, began the quest for the Orb.
     0 | D:1      | Reached XP level 1. HP: 19/19 MP: 0/0
   148 | D:1      | Reached skill level 4 in Fighting
   467 | D:1      | Reached XP level 2. HP: 27/27 MP: 0/0
   725 | D:1      | Found a snail-covered altar of Cheibriados.
   951 | D:2      | Reached XP level 3. HP: 31/33 MP: 1/1
  1052 | D:2      | Found a glowing golden altar of the Shining One.
  1514 | D:3      | Found a white marble altar of Elyvilon.
  1526 | D:3      | Reached XP level 4. HP: 31/40 MP: 1/1
  1630 | D:3      | Reached skill level 5 in Axes
  1715 | D:3      | Found a blossoming altar of Fedhas.
  2248 | D:4      | Noticed Grinder
  2320 | D:4      | Reached skill level 6 in Axes
  2320 | D:4      | Reached XP level 5. HP: 12/46 MP: 1/1
  2646 | D:4      | Reached skill level 1 in Traps
  2667 | D:4      | Noticed a slave
  2667 | D:4      | Noticed a slave
  2668 | D:4      | Noticed a slave
  2674 | D:4      | Noticed Pikel
  2701 | D:3      | Killed a slave
  2712 | D:3      | HP: 1/46 [slave[Pikel] (4)]
  2716 | D:3      | Killed a slave
  2729 | D:4      | Noticed a slave
  2739 | D:3      | HP: 1/46 [Pikel/whip of electrocution (2)]
  2740 | D:3      | Killed Pikel
  2740 | D:3      | Reached skill level 5 in Traps
  2740 | D:3      | Reached XP level 6. HP: 1/53 MP: 2/2
  2740 | D:3      | Reached XP level 7. HP: 1/59 MP: 2/2
  2967 | D:4      | Paralysed by a giant eyeball for 4 turns
  3043 | D:5      | Entered Level 5 of the Dungeon
  3115 | D:6      | Slain by a gnoll

Action                   |  1- 3 |  4- 6 |  7- 9 || total
-------------------------+-------+-------+-------++-------
Melee: Hand axe          |   100 |   123 |    18 ||   241
  Use: Potion            |       |     4 |       ||     4
